AoeStats
← Horka Bulcsú

Arabia

510799063Analyzed
3v3 RM · 11h ago on Oct 2, 2026· 20m 0s· 6 players
Game mode
Random Map
Map size
Normal (6 player)
Population
200
Speed
Normal
Resources
Standard
Victory
Conquest
Starting age
Dark Age
Ending age
Imperial Age
RankedLock teamsTeams togetherTeam positionsShared explorationLock speedFull tech treeHidden civsTurbo modeCheats
Victory
Defeat
🇮🇳 Ethiopians · India
1281
+12
🇮🇳 Saracens · India
1125
+18
🇮🇳 Vietnamese · India
1123
+18
🇦🇷 Romans · Argentina
1244
-19
🇦🇷 Persians · Argentina
1163
-15
🇦🇷 Magyars · Argentina
1139
-14
Pakabuoy
6:42 Loom
10:06 Feudal Age
10:37 Double-Bit Axe
11:40 Fletching
11:51 Padded Archer Armor
21:16 Castle Age
19:40 Gold Mining
omkarpote22
7:23 Loom
10:09 Feudal Age
14:52 Double-Bit Axe
14:48 Horse Collar
16:07 Gold Mining
18:21 Fletching
18:31 Padded Archer Armor
cockroach
8:32 Loom
10:25 Feudal Age
Lehel_Kurt
6:34 Loom
9:16 Feudal Age
10:10 Man-at-Arms
12:13 Double-Bit Axe
13:41 Scale Mail Armor
16:11 Horse Collar
17:58 Padded Archer Armor
Horka Bulcsú
10:16 Feudal Age
8:38 Loom
12:02 Wheelbarrow
Parish1212
9:53 Feudal Age
11:57 Loom
15:20 Castle Age
Connection lost

Rejoining the realm…

Still unreachable

The connection could not be restored.

Session expired

The server has moved on; the page needs a fresh start.